Map: Ever Dream LE

Players

AGOElazer (Elazer)

  • Race: Zerg Zerg
  • League: Grandmaster
  • Spawn Location: 1:00

Reynor - Winner!

  • Race: Zerg Zerg
  • Spawn Location: 7:00

Event: DreamHack SC2 Masters 2020 Summer Europe

VOD

Have the link to the VOD?

Description

Time

  • Played on: July 4, 2020, 1:53 p.m.
  • Length: 5:17

All games in this series

Show
View Real Time Build Order
Export as new Build Order

AGOElazer Zerg 

Build Orders: Hatch First, Zergling Baneling 

Get SALT Encoding   

  12  0:00  Drone  
  13  0:12  Overlord  
  13  0:17  Drone  
  14  0:30  Drone x2  
  16  0:47  Hatchery  
  15  0:50  Drone  
  15  0:54  Drone  
  17  0:57  Drone  
  18  1:08  Extractor  
  17  1:12  Spawning Pool  
  17  1:15  Drone  
  17  1:19  Drone  
  18  1:27  Drone  
  19  1:38  Drone  
  20  1:49  Drone  
  21  1:58  Queen x2  
  21  1:59  Drone  
  21  2:00  Overlord  
  26  2:08  Metabolic Boost  
  26  2:09  Drone  
  26  2:11  Zergling x2  
  28  2:20  Drone  
  28  2:21  Drone  
  30  2:34  Overlord, Queen  
  30  2:35  Zergling x2  
  33  2:40  Baneling Nest  
  32  2:48  Zergling x4  
  34  2:54  Zergling x4  
  36  3:05  Zergling x4  
  38  3:06  Zergling x10  
  38  3:08  Zergling x2  
  44  3:19  Overlord  
  44  3:24  Baneling  
  44  3:25  Baneling  
  44  3:39  Drone x7  
  50  3:45  Zergling x4  
  47  3:58  Zergling x6  
  47  4:00  Zergling x2  
  49  4:03  Baneling x4  
  49  4:05  Zergling x2  
  50  4:15  Zergling x4  
  49  4:30  Zergling x4  
  46  4:37  Baneling x2  
  46  4:38  Zergling x2  
  46  4:39  Zergling x10  
  46  4:42  Overlord  
  52  4:48  Overlord  
  52  4:50  Hatchery  
  51  4:53  Zergling x2  
Show
View Real Time Build Order
Export as new Build Order

Reynor Zerg - Winner!

Build Orders: Hatch First 

Get SALT Encoding   

  12  0:00  Drone  
  13  0:12  Overlord  
  13  0:16  Drone  
  14  0:30  Drone x2  
  16  0:47  Hatchery  
  15  0:51  Drone  
  15  0:54  Drone  
  17  0:58  Drone  
  18  1:07  Extractor  
  17  1:13  Spawning Pool  
  17  1:15  Drone  
  17  1:19  Drone  
  18  1:27  Drone  
  19  1:39  Drone  
  20  1:50  Drone  
  21  1:59  Queen  
  21  2:00  Overlord, Queen  
  21  2:01  Zergling x2  
  26  2:10  Drone x2  
  26  2:12  Metabolic Boost  
  28  2:20  Drone  
  28  2:22  Drone  
  30  2:34  Hatchery  
  30  2:36  Drone  
  30  2:38  Drone  
  30  2:43  Zergling x4  
  33  2:53  Overlord, Baneling Nest  
  33  2:56  Drone  
  33  3:02  Queen  
  35  3:05  Drone  
  35  3:08  Evolution Chamber  
  35  3:11  Overlord  
  36  3:13  Drone  
  36  3:14  Drone  
  36  3:18  Zergling x2  
  36  3:19  Zergling x2  
  40  3:21  Zergling x2  
  40  3:23  Zergling x2  
  40  3:24  Zergling x2  
  43  3:28  Zergling x2  
  43  3:33  Roach Warren  
  43  3:36  Zergling x2  
  44  3:42  Zergling x2  
  44  3:47  Zergling x2  
  44  3:48  Zergling x8  
  48  4:06  Drone  
  49  4:12  Evolution Chamber  
  49  4:16  Roach x4  
  56  4:19  Overlord  
  55  4:31  Roach x2, Zergling x4  
  56  4:35  Drone  
  58  4:41  Drone x4  
  58  4:42  Drone  
  58  4:45  Roach  
  65  4:50  Drone  
  65  4:56  Overlord  
  65  4:57  Overlord  
  65  4:59  Drone, Extractor  
  65  5:00  Extractor  
Tags
 
Add a new tag
Caveats
  • Supply blocks, unpowered buildings, or Contaminate may cause inaccurate times.
  • Supply counts are checked every 10 seconds.